Map: Deathaura LE

Players

MaxPax

  • Race: Protoss Protoss
  • League: Grandmaster
  • Spawn Location: 11:00

LiquidClem (Clem) - Winner!

  • Race: Terran Terran
  • League: Grandmaster
  • Spawn Location: 5:00

Event: DreamHack SC2 Masters 2020 Winter

VOD

Have the link to the VOD?

Description

Time

  • Played on: Oct. 31, 2020, 11:14 a.m.
  • Length: 8:19

All games in this series

Show
View Real Time Build Order
Export as new Build Order

MaxPax Protoss 

Build Orders: Cannon Rush 

Get SALT Encoding   

  12  0:00  Probe  
  13  0:12  Probe  
  14  0:18  Pylon  
  14  0:24  Probe  
  15  0:37  Forge  
  15  0:38  Probe  
  16  0:52  Pylon  
  16  1:12  Photon Cannon x2  
  16  1:18  Pylon  
  16  1:25  Pylon  
  16  1:32  Photon Cannon  
  16  1:39  Pylon  
  15  1:48  Photon Cannon  
  15  1:57  Photon Cannon  
  15  1:58  Photon Cannon  
  15  2:08  Probe  
  15  2:20  Probe (Chrono Boost)  
  15  2:21  Gateway  
  17  2:31  Probe (Chrono Boost)  
  17  2:36  Assimilator, Probe (Chrono Boost)  
  17  2:43  Assimilator  
  17  2:46  Probe  
  18  2:59  Probe  
  18  3:03  Photon Cannon  
  19  3:09  Photon Cannon  
  19  3:11  Cybernetics Core, Probe  
  20  3:21  Pylon  
  20  3:24  Probe  
  20  3:36  Probe  
  21  3:46  Stalker (Chrono Boost)  
  24  4:00  Nexus  
  23  4:07  Probe  
  23  4:08  Stalker (Chrono Boost)  
  26  4:15  Pylon  
  26  4:21  Assimilator  
  26  4:33  Probe  
  26  4:36  Stalker (Chrono Boost)  
  29  4:43  Shield Battery  
  29  4:45  Pylon, Probe  
  30  4:49  Warp Gate  
  30  5:03  Stalker (Chrono Boost), Probe  
  33  5:12  Probe  
  34  5:17  Twilight Council  
  34  5:18  Probe  
  35  5:24  Probe  
  35  5:27  Stalker (Chrono Boost)  
  38  5:37  Probe x2  
  38  5:49  Probe  
  38  5:50  Probe  
  34  6:01  Probe  
  34  6:02  Probe  
  28  6:14  Probe (Chrono Boost)  
  28  6:19  Probe (Chrono Boost)  
  28  6:23  Probe (Chrono Boost)  
  28  6:25  Robotics Facility  
  28  6:27  Probe (Chrono Boost)  
  28  6:28  Probe (Chrono Boost)  
  30  6:37  Dark Shrine  
  30  6:45  Probe (Chrono Boost)  
  30  6:46  Probe (Chrono Boost)  
  32  6:53  Gateway  
  32  6:56  Probe  
  32  6:58  Probe  
  34  7:08  Probe  
  34  7:10  Probe  
  34  7:14  Warp Prism (Chrono Boost)  
  36  7:20  Probe  
  36  7:22  Probe  
  40  7:32  Probe  
  40  7:33  Stalker  
  40  7:34  Probe  
  44  7:38  Pylon  
  44  7:44  Probe  
  44  7:46  Probe  
  45  7:53  Pylon  
  45  7:57  Probe  
  46  7:58  Gateway  
  46  8:04  Dark Templar x2  
  50  8:07  Probe  
  50  8:12  Assimilator  
Show
View Real Time Build Order
Export as new Build Order

LiquidClem Terran - Winner!

Build Orders:  

Get SALT Encoding   

  12  0:00  SCV  
  13  0:12  SCV  
  14  0:17  Supply Depot  
  14  0:24  SCV  
  15  0:28  Refinery  
  15  0:38  SCV  
  16  0:45  Barracks  
  16  0:50  SCV  
  17  1:02  SCV  
  18  1:31  Marine  
  18  1:32  Bunker  
  19  1:37  Factory  
  19  1:47  Bunker  
  18  1:49  Marine  
  19  2:00  Supply Depot  
  20  2:20  Orbital Command  
  19  2:26  Hellion  
  21  2:32  Marine  
  21  2:46  SCV  
  21  2:48  Supply Depot  
  22  2:52  Factory Tech Lab  
  22  2:58  SCV  
  23  3:03  Barracks Reactor  
  23  3:10  SCV  
  24  3:15  Cyclone  
  27  3:23  Supply Depot  
  27  3:25  SCV  
  27  3:37  SCV  
  27  3:40  Marine x2  
  29  3:44  Starport  
  29  3:49  SCV  
  30  3:59  Marine x2  
  30  4:01  SCV  
  31  4:03  Cyclone  
  31  4:08  Supply Depot  
  34  4:13  SCV  
  34  4:17  Marine x2  
  37  4:24  Medivac  
  40  4:37  Refinery  
  39  4:42  Command Center  
  39  4:44  Marine  
  40  4:47  Marine  
  40  4:52  Supply Depot  
  41  4:55  Factory Tech Lab  
  41  4:57  SCV  
  42  5:03  Marine  
  42  5:05  Marine  
  44  5:14  SCV  
  44  5:21  Marine  
  46  5:23  Marine  
  46  5:24  Raven  
  46  5:26  SCV  
  46  5:38  SCV  
  47  5:44  Marine  
  47  5:45  Marine  
  49  5:50  Supply Depot  
  49  5:51  SCV, Siege Tank  
  53  6:03  SCV  
  49  6:08  Barracks  
  48  6:14  Marine x2  
  48  6:15  SCV  
  50  6:19  Orbital Command  
  50  6:25  Siege Tank  
  52  6:27  SCV  
  52  6:32  Marine  
  54  6:35  Engineering Bay  
  54  6:39  SCV  
  55  6:41  Marine  
  55  6:45  Starport Tech Lab  
  55  6:46  SCV  
  57  6:48  Barracks  
  57  6:50  Marine  
  57  6:51  SCV  
  59  6:58  SCV  
  59  6:59  Refinery  
  60  7:03  SCV, Marine x2  
  63  7:10  SCV  
  63  7:14  Viking  
  67  7:15  SCV  
  67  7:17  Marine  
  67  7:22  Supply Depot, SCV  
  68  7:26  Marine  
  68  7:27  SCV  
  68  7:28  Marine  
  72  7:31  Supply Depot  
  72  7:35  SCV  
  72  7:36  Marine  
  74  7:38  Supply Depot  
  74  7:39  SCV  
  75  7:46  Marine x3  
  75  7:47  SCV  
  75  7:48  Medivac  
  80  7:52  SCV  
  84  7:59  Marine  
  84  8:01  SCV  
  84  8:02  Supply Depot  
  84  8:04  SCV  
  88  8:08  Refinery  
  88  8:10  Missile Turret  
Tags
 
Add a new tag
Caveats
  • Supply blocks, unpowered buildings, or Contaminate may cause inaccurate times.
  • Supply counts are checked every 10 seconds.